 Dungeon Crawl Stone Soup version 0.19-a0-559-ga3d69d0 (webtiles) character file.

15777 tyrsky the Zephyrmancer (level 12, -8/101 HPs)
             Began as a Pale Draconian Air Elementalist on June 8, 2016.
             Was a High Priest of Vehumet.
             Mangled by a death yak (25 damage)
             ... on level 4 of the Lair of Beasts.
             The game lasted 01:20:32 (10466 turns).

tyrsky the Zephyrmancer (DrAE)                     Turns: 10466, Time: 01:20:33

Health: -8/101     AC: 13    Str: 12    XL:     12   Next: 4%
Magic:  12/26      EV: 13    Int: 25    God:    Vehumet [*****.]
Gold:   798        SH:  0    Dex: 11    Spells: 9 memorised, 1 level left

rFire  + . .     SeeInvis .     c - +2 scimitar (holy)
rCold  + + .     Gourm    .     (armour unavailable)
rNeg   . . .     Faith    .     (no shield)
rPois  .         Spirit   .     J - +1 hat
rElec  .         Dismiss  .     m - +1 cloak
rCorr  .         Reflect  .     (no gloves)
SustAt .         Harm     .     h - +1 pair of boots
MR     .....                    K - amulet of regeneration
Stlth  +.........               F - ring of protection from fire
                                e - ring of Asynehe {rC++ Int+3 Stlth-}

@: repel missiles, not resistant to hostile enchantments, very unstealthy
A: breathe steam, unfitting armour, stinger 1, clever 1, slow regeneration 1,
evolution 1, cold-blooded, AC +8
a: Breathe Steam, Renounce Religion


You were on level 4 of the Lair of Beasts.
You worshipped Vehumet.
Vehumet was extremely pleased with you.
You were not hungry.

You visited 4 branches of the dungeon, and saw 18 of its levels.

You collected 798 gold pieces.

Inventory:

Hand Weapons
 c - a +2 scimitar of holy wrath (weapon)
Missiles
 z - a throwing net (quivered)
Armour
 h - a +1 pair of boots (worn)
 m - a +1 cloak (worn)
 J - a +1 hat (worn)
Magical Staves
 E - an uncursed staff of wizardry
Jewellery
 e - the ring of Asynehe (left hand) {rC++ Int+3 Stlth-}
   (You found it on level 5 of the Dungeon)

   [ring of loudness]

   It affects your intelligence (+3).
   It greatly protects you from cold.
   It makes you less stealthy.
 i - an uncursed ring of sustain attributes
 A - an uncursed ring of resist corrosion
 D - a +4 ring of dexterity
 F - a ring of protection from fire (right hand)
 K - an amulet of regeneration (around neck)
Wands
 g - a wand of flame (38/48)
 j - a wand of lightning (7/15)
 o - a wand of teleportation (7/9)
 q - a wand of paralysis (15/24)
 s - a wand of slowing (21/48)
 t - a wand of iceblast (6/15)
 C - a wand of confusion (24/48)
 G - a wand of slowing (23/48)
Scrolls
 r - 2 scrolls of enchant weapon
 w - 3 scrolls of remove curse
 B - 4 scrolls of teleportation
 L - 2 scrolls of fog
Potions
 d - a potion of agility
 f - 10 potions of degeneration
 k - a potion of magic
 n - 4 potions of flight
 v - a potion of brilliance
 I - a potion of cancellation
Books
 a - a book of Air

   Spells                             Type                      Level
   a - Shock                          Conjuration/Air              1
   b - Swiftness                      Charms/Air                   2
   c - Repel Missiles                 Charms/Air                   2
   d - Static Discharge               Conjuration/Air              3
   e - Lightning Bolt                 Conjuration/Air              5
 y - a book of the Sky

   Spells                             Type                      Level
   a - Summon Lightning Spire         Summoning/Air                4
   b - Airstrike                      Air                          4
   c - Silence                        Hexes/Air                    5
   d - Deflect Missiles               Charms/Air                   6
   e - Conjure Ball Lightning         Conjuration/Air              6
   f - Tornado                        Air                          9
Comestibles
 b - 4 bread rations
 l - 3 beef jerkies
 u - 6 fruits
 H - 4 royal jellies


   Skills:
 - Level 7.8 Fighting
 - Level 4.4 Dodging
 - Level 1.7 Stealth
 * Level 10.4 Spellcasting
 - Level 10.0 Conjurations
 - Level 11.2 Air Magic


You had one spell level left.
You knew the following spells:

 Your Spells              Type           Power        Failure   Level  Hunger
a - Airstrike             Air            ######....   1%          4    None
b - Static Discharge      Conj/Air       ######..     1%          3    None
c - Swiftness             Chrm/Air       #####...     1%          2    None
d - Repel Missiles        Chrm/Air       #####.       1%          2    None
e - Lightning Bolt        Conj/Air       ######....   1%          5    ####...
f - Shock                 Conj/Air       ####         1%          1    None
g - Summon Lightning Spi  Summ/Air       #####...     6%          4    None
h - Mephitic Cloud        Conj/Pois/Air  #####...     1%          3    None
i - Conjure Ball Lightni  Conj/Air       ######....   3%          6    #####..


Dungeon Overview and Level Annotations

Branches:
Dungeon (11/15)            Temple (1/1) D:6            Lair (5/8) D:9
  Snake (0/4) Lair:3          Orc (1/2) D:10
  Swamp: Lair:3-6    Shoals: Lair:3-6

Altars:
Ashenzari
Cheibriados
Dithmenos
Elyvilon
Fedhas
Gozag
Hepliaklqana
Kikubaaqudgha
Makhleb
Okawaru
Pakellas
Qazlal
Ru
Uskayaw
Vehumet
Xom
Yredelemnul
Zin
The Shining One

Annotations:
D:2 Natasha
D:4 WereVolvo's ghost, amateur OpTm
D:5 Grinder
D:6 tyrsky's ghost, amateur DrAE
Lair:3 exclusion: downstairs, Maud


Innate Abilities, Weirdness & Mutations

You can breathe blasts of scalding, opaque steam.
Your pale cyan-grey scales are hard. (AC +8)
Your body does not fit into most forms of armour.
You are cold-blooded and may be slowed by cold attacks.
Your tail ends in a poisonous barb.
Your mind is acute. (Int +2)
You regenerate slowly when monsters are visible.
You evolve.


Message History

You see here a porcupine corpse.
There is a stone staircase leading down here.
You climb downwards.
A crocodile and 5 death yaks come into view.
The death yak bellows! x4; You hear a screech!
The death yak gores you!!
There is a stone staircase leading up, spattered with blood here.
The death yak gores you. The death yak gores you!
The death yak barely misses you. The death yak gores you!!
* * * LOW HITPOINT WARNING * * *
You climb upwards.
There is a stone staircase leading down here.
Okay, then.
Okay, then.
Okay, then.
Okay, then.
The death yak gores you!!
* * * LOW HITPOINT WARNING * * *
The death yak gores you!!
You die...

............... .#
.................#
..†.##.###.P ...#
....#####.#####..#
.................#
..........†......#
...########...#..##
..##(.###..#.##...#
...............Yd#
...............Y>#
##.....##.#.###.YY#
.##...###### ....##
####..# ####..##
#..P..######..#...#
..................#
..................#
#...#P######.#.<.##


You could see 4 death yaks.

Vanquished Creatures
  Erica (Lair:2)
  An orc sorcerer (Orc:1)
  Joseph (D:9)
  A rime drake (Lair:4)
  5 spiny frogs
  3 komodo dragons
  A queen bee (Lair:4)
  A two-headed ogre (D:8)
  7 blink frogs
  2 spriggans (Lair:3)
  6 basilisks
  2 yaks (Lair:4)
  9 hippogriffs
  A hungry ghost (D:8)
  4 water moccasins
  7 orc warriors
  An ice beast (D:11)
  6 porcupines
  A swamp drake (D:10)
  4 black bears
  A sky beast (D:9)
  A necrophage (D:9)
  An ogre (D:5)
  9 wolves
  A centaur (D:5)
  5 crocodiles
  2 big kobolds
  12 giant frogs
  A scorpion (D:10)
  16 killer bees (Lair:4)
  A wight (D:10)
  2 howler monkeys (D:5)
  A crimson imp (D:8)
  5 orc priests
  6 orc wizards
  2 hounds
  A centaur skeleton (D:8)
  4 iguanas
  4 worker ants
  2 sheep (Lair:3)
  4 gnolls (D:5)
  8 adders
  36 river rats
  2 shadow imps
  An ooze (D:3)
  3 dart slugs
  A giant gecko (D:6)
  40 orcs
  A ball python (D:1)
  A giant cockroach (D:8)
  5 goblins
  4 hobgoblins
  2 jackals
  3 quokkas
  8 bats
  A giant gecko skeleton (D:7)
  A giant gecko zombie (D:7)
  3 giant newts
  15 kobolds
  3 rats
  4 fungi
287 creatures vanquished.

Vanquished Creatures (collateral kills)
  A komodo dragon (Lair:3)
  A spiny frog (Lair:4)
  2 blink frogs (Lair:4)
  A wyvern (Lair:4)
  3 porcupines
  2 wolves (Lair:3)
  A crocodile (Lair:4)
  6 killer bees (Lair:4)
  An iguana (Lair:1)
  A hell rat (Lair:4)
  4 sheep (Lair:3)
  15 river rats
  A fungus (Lair:4)
39 creatures vanquished.

Vanquished Creatures (others)
  7 ball lightnings (Lair:4)
  A crocodile (Lair:4)
  4 killer bees (Lair:4)
  11 fungi
  17 plants
40 creatures vanquished.

Grand Total: 366 creatures vanquished

Notes
Turn   | Place    | Note
--------------------------------------------------------------
     0 | D:1      | tyrsky the Draconian Air Elementalist began the quest for the Orb.
     0 | D:1      | Reached XP level 1. HP: 14/14 MP: 3/3
   153 | D:1      | Reached XP level 2. HP: 17/20 MP: 0/5
   157 | D:1      | Learned a level 2 spell: Repel Missiles
   379 | D:2      | Found a white marble altar of Elyvilon.
   475 | D:2      | Reached XP level 3. HP: 24/26 MP: 4/6
   525 | D:2      | Found a glowing golden altar of the Shining One.
   526 | D:2      | Found a sacrificial altar of Ru.
   540 | D:2      | Found a glowing silver altar of Zin.
   625 | D:2      | Found an iron altar of Okawaru.
   770 | D:2      | Noticed Natasha
   783 | D:3      | Learned a level 2 spell: Swiftness
   948 | D:3      | Found a shattered altar of Ashenzari.
  1063 | D:3      | Found a faded altar of an unknown god.
  1119 | D:3      | Found a hide-covered altar of Uskayaw.
  1215 | D:4      | Reached XP level 4. HP: 33/33 MP: 2/8
  1220 | D:4      | Learned a level 3 spell: Static Discharge
  1238 | D:4      | Noticed WereVolvo's ghost (amateur OpTm)
  1432 | D:4      | Reached skill level 4 in Air Magic
  1466 | D:4      | Found an ancient bone altar of Kikubaaqudgha.
  1562 | D:5      | Entered Level 5 of the Dungeon
  1585 | D:5      | Noticed Grinder
  1611 | D:5      | Paralysed by Grinder for 5 turns
  1627 | D:5      | Paralysed by Grinder for 3 turns
  1635 | D:5      | Paralysed by Grinder for 7 turns
  1642 | D:5      | You fall through a shaft for 2 floors!
  1721 | D:6      | Found a staircase to the Ecumenical Temple.
  1721 | D:6      | Noticed an orc warrior
  1726 | Temple   | Entered the Ecumenical Temple
  1769 | D:7      | Noticed an ogre
  1856 | D:8      | Noticed an orc warrior
  1860 | D:8      | Noticed a giant frog
  1863 | D:7      | Noticed a big kobold
  1937 | D:7      | Found a flagged portal.
  2195 | D:6      | Noticed tyrsky's ghost (amateur DrAE)
  2234 | D:7      | Reached XP level 5. HP: 38/38 MP: 0/9
  2307 | D:6      | Found a sacrificial altar of Ru.
  2406 | D:5      | Got a warped lead ring
  2407 | D:5      | Identified the ring of Asynehe {rC++ Int+3 Stlth-} (You found it on level 5 of the Dungeon)
  2454 | D:5      | Noticed a centaur
  2461 | D:5      | Killed a centaur
  2461 | D:5      | Reached XP level 6. HP: 27/45 MP: 0/11
  2721 | D:5      | Reached skill level 5 in Air Magic
  2899 | D:6      | Your scales start taking on a pale cyan-grey colour.
  2899 | D:6      | Reached XP level 7. HP: 50/50 MP: 5/13
  2912 | D:6      | Learned a level 5 spell: Lightning Bolt
  3109 | D:6      | Found a radiant altar of Vehumet.
  3112 | D:6      | Became a worshipper of Vehumet
  3133 | D:6      | Reached skill level 6 in Air Magic
  3273 | D:6      | Found a shadowy altar of Dithmenos.
  3413 | D:7      | Reached skill level 5 in Conjurations
  3526 | D:7      | Reached skill level 5 in Spellcasting
  3556 | D:8      | Noticed a hippogriff
  3720 | D:9      | Reached * piety under Vehumet
  3720 | D:9      | Offered knowledge of Sandblast by Vehumet.
  3720 | D:9      | Reached XP level 8. HP: 57/57 MP: 7/15
  3724 | D:9      | Learned a level 1 spell: Sandblast
  3731 | D:9      | Learned a level 4 spell: Airstrike
  3740 | D:9      | Noticed Joseph
  3749 | D:9      | HP: 2/85 [Joseph/quarterstaff (8)]
  3751 | D:9      | Killed Joseph
  3751 | D:9      | Reached skill level 7 in Air Magic
  4564 | D:8      | Reached skill level 8 in Air Magic
  4564 | D:8      | Reached XP level 9. HP: 18/62 MP: 0/18
  4846 | D:8      | Found a hazy altar of Hepliaklqana.
  4915 | D:9      | Found a staircase to the Lair.
  4959 | D:9      | Gained mutation: You are occasionally teleported next to monsters. [mutagenic meat]
  4960 | D:9      | Lost mutation: You are occasionally teleported next to monsters. [potion of cure mutation]
  4961 | D:9      | Gained mutation: Your natural rate of healing is unusually fast. [mutagenic meat]
  4962 | D:9      | Gained mutation: Your spells are a little easier to cast, but a little less powerful. [mutagenic meat]
  4963 | D:9      | Lost mutation: Your spells are a little easier to cast, but a little less powerful. [potion of cure mutation]
  4963 | D:9      | Lost mutation: Your natural rate of healing is unusually fast. [potion of cure mutation]
  4964 | D:9      | Gained mutation: You regenerate slowly when monsters are visible. [mutagenic meat]
  4965 | D:9      | Gained mutation: You evolve. [mutagenic meat]
  4966 | D:9      | Gained mutation: Your mind is acute. (Int +2) [mutagenic meat]
  5117 | D:10     | Entered Level 10 of the Dungeon
  5146 | D:10     | Offered knowledge of Magic Dart by Vehumet.
  5151 | D:10     | Reached ** piety under Vehumet
  5239 | D:10     | Reached skill level 9 in Air Magic
  5555 | D:10     | Found a staircase to the Orcish Mines.
  5622 | D:10     | Learned a level 4 spell: Summon Lightning Spire
  5636 | Orc:1    | Entered Level 1 of the Orcish Mines
  5808 | Orc:1    | Found a burning altar of Makhleb.
  5809 | Orc:1    | Noticed an orc sorcerer
  5814 | Orc:1    | Killed an orc sorcerer
  5935 | D:11     | Reached XP level 10. HP: 69/69 MP: 7/21
  5985 | Lair:1   | Entered Level 1 of the Lair of Beasts
  6048 | Lair:1   | Offered knowledge of Mephitic Cloud by Vehumet.
  6058 | Lair:1   | Learned a level 3 spell: Mephitic Cloud
  6361 | Lair:1   | Reached skill level 1 in Fighting
  6436 | Lair:2   | Noticed a six-headed hydra
  6650 | Lair:2   | Reached skill level 10 in Air Magic
  7091 | Lair:1   | Noticed a spiny frog
  7096 | Lair:1   | Killed a spiny frog
  7096 | Lair:1   | Reached *** piety under Vehumet
  7197 | Lair:1   | Noticed a spiny frog
  7204 | Lair:1   | Killed a spiny frog
  7773 | Lair:2   | Noticed Erica
  7780 | Lair:2   | Killed Erica
  7817 | Lair:3   | Reached skill level 5 in Fighting
  7820 | Lair:3   | Reached XP level 11. HP: 74/86 MP: 9/24
  7820 | Lair:3   | Offered knowledge of Throw Icicle by Vehumet.
  8001 | Lair:3   | Reached **** piety under Vehumet
  8010 | Lair:3   | Found a shattered altar of Ashenzari.
  8127 | Lair:3   | Offered knowledge of Bolt of Magma by Vehumet.
  8731 | Lair:3   | Found a hide-covered altar of Uskayaw.
  8877 | Lair:4   | Noticed a death yak
  8878 | Lair:4   | Noticed a death yak
  8878 | Lair:4   | Noticed a death yak
  8878 | Lair:4   | Noticed a death yak
  8879 | Lair:4   | Noticed a death yak
  8880 | Lair:4   | Noticed a death yak
  8973 | Lair:3   | Found a staircase to the Snake Pit.
  8978 | Lair:3   | Noticed Maud
  9261 | Lair:4   | Reached ***** piety under Vehumet
  9263 | Lair:4   | Offered knowledge of Freezing Cloud by Vehumet.
  9285 | Lair:4   | Reached skill level 11 in Air Magic
  9423 | Lair:4   | Reached skill level 10 in Spellcasting
  9681 | Lair:4   | Noticed a griffon
  9889 | Lair:4   | Learned a level 6 spell: Conjure Ball Lightning
  9903 | Lair:4   | Gained mutation: Your tail ends in a poisonous barb. [evolution]
 10110 | Lair:4   | Reached skill level 10 in Conjurations
 10110 | Lair:4   | Reached XP level 12. HP: 45/101 MP: 1/26
 10360 | Lair:5   | Noticed a catoblepas
 10463 | Lair:5   | Noticed a death yak
 10463 | Lair:5   | Noticed a death yak
 10463 | Lair:5   | Noticed a death yak
 10463 | Lair:5   | Noticed a death yak
 10463 | Lair:5   | Noticed a death yak
 10466 | Lair:4   | Mangled by a death yak

Vault maps used:
D:1:      shiori_arrival_oz
D:2:      kennysheep_okawaru_gauntlet, lemuel_round_altar, zin_academy,
          gammafunk_temple_overflow_pools, uniq_natasha
D:3:      nicolae_overflow_hidden_temple, cheibrodos_ashenzari_chains,
          lemuel_coloured_pillars_altar, ecumenical_altar_2
D:4:      nicolae_overflow_crystal_walls, first_bread, grunt_tough_drop
D:5:      corexii_item_surrounded_by_moat, hangedman_decor_riveting,
          corner_web_ring, minmay_misc_feat_pillars, uniq_grinder
D:6:      kennysheep_mini_moat, grunt_dithmenos_smoke_and_mirrors,
          minmay_temple_entry_from_below_a, nicolae_ru_sacrificial_ziggurat
D:7:      enter_bailey_1, grunt_ogre_cave, minmay_misc_feat_diagonals,
          nicolae_benzene_ring
D:8:      kennysheep_little_box, old_standard_altar
D:9:      old_standard_altar, dpeg_oklobed_lair, uniq_joseph
D:10:     erik_orc_1
D:11:     minmay_holes
Temple:   temple_eino_lava_8
Lair:2:   lab_entry_generic, uniq_erica
Lair:3:   wad_woods_stonehenge, dummy_snake_entry, basic_altar, uniq_maud
Lair:4:   regret_index_wax_grids, serial_bayou_shore_b
Lair:5:   swamp_mist_pool, serial_bayou_pond_d, grunt_megastairs_4,
          lemuel_fruit_fields, infiniplex_staircase_pool_2
Orc:1:    bloody_makhleb

Skill      XL: |  1  2  3  4  5  6  7  8  9 10 11 |
---------------+----------------------------------+-----
Conjurations   | 2 3 4 5 6 8 9 10 | 10.0
Spellcasting   | 3 4 5 6 7 9 10 | 10.4
Air Magic      | 4 5 6 8 9 10 11 | 11.2
Fighting       | 5 7 |  7.8
Dodging        | 3 4 |  4.4
Stealth        | |  1.7

Action                   |  1- 3 |  4- 6 |  7- 9 | 10-12 || total
-------------------------+-------+-------+-------+-------++-------
Melee: Mace              |    27 |    16 |     5 |       ||    48
       Tailslap          |     3 |     5 |     4 |     4 ||    16
       Battleaxe         |       |       |    40 |    62 ||   102
       Staff             |       |       |       |    35 ||    35
Throw: Throwing net      |       |       |       |     4 ||     4
 Cast: Shock             |    69 |    68 |   231 |   182 ||   550
       Repel Missiles    |     1 |     1 |     1 |     1 ||     4
       Static Discharge  |       |    10 |    28 |    76 ||   114
       Airstrike         |       |       |     9 |    49 ||    58
       Summon Lightning  |       |       |     2 |    18 ||    20
       Lightning Bolt    |       |       |       |     9 ||     9
       Mephitic Cloud    |       |       |       |     1 ||     1
       Conjure Ball Ligh |       |       |       |     4 ||     4
       Swiftness         |       |       |       |     1 ||     1
  Use: Potion            |     3 |     1 |     4 |     3 ||    11
       Scroll            |       |    13 |    10 |     9 ||    32
 Stab: Sleeping          |     1 |       |       |       ||     1
       Distracted        |       |       |       |     2 ||     2
  Eat: Chunk             |     2 |     2 |    15 |    14 ||    33
       Royal jelly       |       |     1 |     1 |     1 ||     3
       Pizza             |       |     1 |       |     1 ||     2
       Bread ration      |       |       |     1 |       ||     1
       Fruit             |       |       |     1 |       ||     1
       Beef jerky        |       |       |       |     1 ||     1
Armor: Skin              |    16 |    11 |    55 |   112 ||   194
Dodge: Dodged            |    32 |    54 |    93 |   176 ||   355
       Deflected         |       |     2 |     7 |     1 ||    10
